Description

TvT hellion/banshees 1 base timing attack.

Strong early game push with 1 banshee and 7 hellions. Can transition into bio or mech, as you like. Very decent defensively too.

I suggest to make second CC during the initial push for transition.

This striking force is very versatile: you can push with it all by the main entrance or simply retreat if needed and have the banshee pick-off SCVs/marines around etc.

The first marine and first hellion will allow you to hold off early reaper pressure. Mass reaper (with or without proxy) will also be dealt with once the double hellion production kicks (once the swap with the reactor is done - hellions deal better against reapers than marines because of their speed and splash).

Replay - Ruins of Seras (234)

Build Order

Get SALT Encoding   

  12  0:00  SCV  
  13  0:13  SCV  
  14  0:19  Supply Depot  
  14  0:25  SCV  
  15  0:30  Refinery  
  15  0:40  SCV  
  16  0:48  Barracks  
  16  0:52  SCV  
  17  1:05  SCV  
  18  1:17  SCV  
  19  1:28  Supply Depot  
  19  1:29  SCV  
  20  1:35  Factory  
  20  1:36  Marine  
  21  1:41  Orbital Command  
  21  1:47  Refinery  
  21  1:54  Barracks Reactor  
  21  2:08  SCV  
  22  2:19  Starport  
  22  2:24  Hellion  After this first hellion, the factory will be swaped with the barrack's reactor.
  22  2:29  SCV  
  25  2:40  Supply Depot  
  25  2:41  Barracks Tech Lab  Tech lab will be taken by starport once finished.
  25  2:45  SCV  
  26  2:54  Hellion  
  26  2:55  Hellion  
  30  3:09  Banshee, Cloaking Field  
  33  3:16  Hellion x2  
  33  3:19  SCV  
  38  3:20  Supply Depot  
  38  3:40  Engineering Bay  I like to make an e-bay here to get a turret up while pushing in case my opponent made a banshee himself.
  38  3:45  Supply Depot  
  38  3:46  Hellion x2  Here you can send a hellion to scout ahead, take a WM shot if needed, kill a scouting marine etc.
  42  3:52  Banshee  Push once the banshee is out.
  46  3:56  SCV  
  52  4:10  Missile Turret  
Spawning Tool Build Advisor. Get it on Overwolf

Go to:

Details

  • Created by: Trizztein2
  • Published on: Dec 29, 2015
  • Modified on: Mar 12, 2016
  • Patch: Pre-3.8.0
Show
View Real Time Build Order
Export as new Build Order

Comments (4)

On March 12, 2016, 3:07 p.m., Trizztein2  said:

Haha yes absolutely, thank you for the remark I corrected it :)

On March 12, 2016, 9:37 a.m., DrButterface  said:

"After this first hellion, the factory will be swaped with the barrack's TL."

I think what you wanted to say is: "After this first Hellion, the factory will be swapped with the barracks' Reactor.", is that accurate?

On Jan. 22, 2016, 6:32 a.m., Trizztein2  said:

This is the first build I ever posted! I'm happy to see someone found a use to it besides myself :D

On Jan. 21, 2016, 2:57 p.m., Zerthek  said:

Thanks a lot, verry good BO for TvT in gold league, and also in platinium I think :)

Create an account to comment!